 Dungeon Crawl Stone Soup version 0.31.0-11-ge490571c62 (webtiles) character file.

Game seed: 13110278398813030376

603 Bobbunny the Trooper (level 7, -3/88 HPs)
             Began as a Formicid Delver on Feb 3, 2024.
             Was an Initiate of Okawaru.
             Slain by a phantom (4 damage)
             ... on level 5 of the Dungeon.
             The game lasted 00:04:52 (3556 turns).

Bobbunny the Trooper (Formicid Delver)              Turns: 3556, Time: 00:04:53

Health: -3/88      AC: 23    Str: 16 (19) XL:     7   Next: 70%
Magic:  8/8        EV:  2    Int:  8 (9)  God:    Okawaru [......]
Gold:   95         SH:  0    Dex: 14 (15) Spells: 6/6 levels left

rFire   . . .        a - +0 hand axe
rCold   . . .        (no shield)
rNeg    . . .        b - melded +0 leather armour
rPois   +            (helmet unavailable)
rElec   .            (cloak currently unavailable)
rCorr   .            (gloves currently unavailable)
SInv    .            p - melded +2 pair of boots
Will    .....        (no amulet)
Stlth   +++          w - ring of poison resistance
HPRegen 0.34/turn    (no ring)
MPRegen 0.11/turn

%: no passive effects
@: lethally poisoned (-3 -> -3), tree-form
A: stationary, stasis, torment immunity, boosted hp, permanent stasis, dig
shafts and tunnels, (antennae 3), four strong arms
a: Renounce Religion


You were on level 5 of the Dungeon.
You worshipped Okawaru.
Okawaru was noncommittal.
You were a tree.
You visited 2 branches of the dungeon, and saw 6 of its levels.

You collected 230 gold pieces.
You spent 135 gold pieces at shops.

Inventory:

Hand Weapons
 a - a +0 hand axe (weapon)
Missiles
 f - 3 poisoned darts
 u - 4 javelins (quivered)
 G - 5 curare-tipped darts
Armour
 b - a +0 leather armour (melded)
 p - a +2 pair of boots (melded)
Jewellery
 w - a ring of poison resistance (left branch)
 H - a +5 ring of evasion
Wands
 y - a wand of digging (3)
 E - a wand of charming (12)
Scrolls
 c - 2 scrolls of fog
 d - 2 scrolls of revelation
 e - 2 scrolls of fear
 m - a scroll of acquirement {unknown}
 n - 6 scrolls of teleportation {unknown}
 o - 2 scrolls of immolation {unknown}
 q - 3 scrolls of vulnerability
 t - 3 scrolls of enchant armour {unknown}
 v - 3 scrolls of amnesia {unknown}
 B - 2 scrolls of poison {unknown}
 C - 3 scrolls of identify {unknown}
 F - a scroll of enchant weapon {unknown}
Potions
 g - a potion of curing {unknown}
 h - a potion of degeneration
 i - a potion of ambrosia {unknown}
 j - a potion of magic {unknown}
 k - a potion of invisibility {unknown}
 l - a potion of haste {unknown}
 r - a potion of enlightenment {unknown}
 x - a potion of attraction {unknown}
 z - a potion of mutation {unknown}
 A - a potion of might {unknown}
 D - a potion of resistance {unknown}


   Skills:
 + Level 6.5 Fighting
 + Level 5.5 Axes
 + Level 1.3 Throwing
 - Level 1.7 Dodging
 - Level 6.0 Stealth
 + Level 1.7 Invocations


You had 6 spell levels left.
You didn't know any spells.
Your spell library contained the following spells:

 Spells                   Type           Power      Damage    Failure   Level
 Apportation              Tloc           0%         N/A       41%         1
 Kiss of Death            Conj/Necr      0%         2d5       41%         1
 Necrotise                Necr           0%         1d4       41%         1
 Sting                    Conj/Alch      0%         1d3       41%         1
 Scorch                   Fire           0%         2d5       54%         2
 Confusing Touch          Hex            0%         N/A       78%         3
 Dispel Undead            Necr           0%         3d6       99%         4
 Flame Wave               Conj/Fire      0%         2d4       99%         4
 Summon Small Mammal      Summ           Unusable   N/A       N/A         1
 Summon Cactus Giant      Summ           Unusable   N/A       N/A         6

Dungeon Overview and Level Annotations

Branches:
Dungeon (5/15)             Temple (1/1) D:5

Altars:
Ashenzari
Cheibriados
Dithmenos
Elyvilon
Fedhas
Gozag
Hepliaklqana
Okawaru
Qazlal
Ru
Trog
Xom
Yredelemnul

Shops:
D:2 ?   D:5 *


Innate Abilities, Weirdness & Mutations

You are a tree.
Your roots penetrate the ground, keeping you stationary.
You cannot be teleported.
You are immune to unholy pain and torment.
Your maximum health is greatly increased.
Your equipment is partially melded.
You cannot be hasted, slowed, berserked, paralysed or teleported.
You can dig through walls and to a lower floor.
((You have a pair of large antennae on your head. (SInv)))
Your four strong arms can wield two-handed weapons with a shield.


Message History

There was something very wrong with that liquid.
You feel weakened.
You feel dopey.
You feel clumsy.
You feel sick. The phantom hits you. The scorpion closely misses you.
You hit the scorpion.
The scorpion is almost dead.
You hit the phantom.
You feel sick.
The scorpion stings you but does no damage.
The phantom hits you.
* * * LOW HITPOINT WARNING * * *
You hit the scorpion.
The scorpion is almost dead.
You hit the phantom but do no damage.
You feel sick. The scorpion closely misses you. The phantom barely misses you.
The scorpion barely misses you.
You hit the scorpion but do no damage.
The scorpion is almost dead.
You hit the phantom but do no damage.
You feel sick. The phantom hits you.
* * * LOW HITPOINT WARNING * * *
The scorpion stings you.
* * * LOW HITPOINT WARNING * * *
It was a potion of lignification.
You turn into a tree.
Your +2 pair of boots melds into your body.
Your +0 leather armour melds into your body.
Your roots penetrate the ground.
You feel sick.
The phantom hits you but does no damage.
The scorpion stings you but does no damage.
You hit the scorpion.
You kill the scorpion!
Okawaru accepts your kill.
You hit the phantom.
You feel sick.
The phantom hits you but does no damage.
You miss the phantom.
The phantom is moderately damaged.
You feel sick. The phantom hits you.
* * * LOW HITPOINT WARNING * * *
You closely miss the phantom.
The phantom is moderately damaged.
* * * LOW HITPOINT WARNING * * *
You feel sick. The phantom hits you.
You die...

###############
#..............
#######'#############
#........##.#........
#........##..........
#........##.#........ W
#........##.#.......#
....#######.###.#........
......)W♣................
....#.†).....######.###).
. #........+ ...# #..
#........# ##### #..
#........# #..
########### #..
.....##### ####### #..
####.....##.......##.. #
#.........+.......+...


You could see a phantom.

Vanquished Creatures
  A water moccasin (D:5)
  An ogre (D:4)
  2 scorpions
  2 hounds
  A bombardier beetle (D:4)
  2 orc priests
  An iguana (D:5)
  An orc wizard (D:5)
  2 adders
  2 dart slugs
  4 ribbon worms
  11 orcs
  7 ball pythons
  3 bats
  5 endoplasms
  A giant cockroach (D:1)
  3 goblins
  8 hobgoblins
  5 jackals
  A quokka (D:4)
  2 frilled lizards
  6 kobolds
  4 rats (D:2)
75 creatures vanquished.

Notes
Turn   | Place    | Note
-------+----------+-------------------------------------------
     0 | D:5      | Bobbunny the Formicid Delver began the quest for the Orb.
     0 | D:5      | Reached XP level 1. HP: 18/18 MP: 1/1
    18 | D:5      | Noticed a water moccasin
    31 | D:5      | Noticed a hound
   117 | D:4      | Noticed a hound
   209 | D:4      | Noticed a scorpion
   300 | D:4      | Noticed an ogre
   449 | D:1      | Reached XP level 2. HP: 24/24 MP: 2/2
  1095 | D:2      | Reached XP level 3. HP: 7/30 MP: 3/3
  1249 | D:2      | Found a faded altar of an unknown god.
  1414 | D:2      | Found The Oracle's Delphic Readings.
  1431 | D:2      | Bought a scroll of vulnerability for 48 gold pieces
  1755 | D:2      | Reached XP level 4. HP: 37/37 MP: 4/4
  2233 | D:3      | Reached XP level 5. HP: 37/43 MP: 5/5
  2341 | D:3      | Reached skill level 5 in Fighting
  2652 | D:4      | Killed an ogre
  2653 | D:4      | Reached XP level 6. HP: 51/51 MP: 6/6
  2979 | D:5      | Found Qurug's Assorted Antiques.
  2984 | D:5      | Bought a scroll labelled ADUNLEBALA for 29 gold pieces
  2984 | D:5      | Bought 2 scrolls labelled XIROJ RALOR for 58 gold pieces
  2999 | D:5      | Reached skill level 5 in Axes
  2999 | D:5      | Reached XP level 7. HP: 44/58 MP: 7/7
  3150 | D:5      | Found a staircase to the Ecumenical Temple.
  3172 | D:5      | Noticed a rust devil
  3198 | Temple   | Entered the Ecumenical Temple
  3209 | Temple   | Became a worshipper of Warmaster Okawaru
  3415 | D:5      | Killed a water moccasin
  3416 | D:5      | Reached skill level 1 in Throwing
  3416 | D:5      | Reached skill level 1 in Invocations
  3555 | D:5      | HP: 2/88 [phantom (5)]
  3556 | D:5      | Slain by a phantom

Illustrated notes

Levels and vault maps discovered:
D:1:      wander_arrival_desolate, layout_loops_ring
D:2:      layout_basic, ebering_ecumenical_altar_box,
          nicolae_nh_oracle_at_delphi
D:3:      layout_basic, nicolae_the_louvre
D:4:      layout_rooms, mrwooster_statue_mirror
D:5:      layout_basic, amcnicky_altar_gilded, temple_garden, serial_shops,
          nicolae_stop_n_shop_1
Temple:   nicolae_temple_x_marks_the_god

Skill      XL: |  1  2  3  4  5  6  7 |
---------------+----------------------+-----
Fighting       | 4 5 6 |  6.5
Axes           | 3 4 5 |  5.5
Throwing       | 1 |  1.3
Invocations    | 1 |  1.7
Dodging        | |  1.7
Stealth        | |  6.0

Action                     |  1- 3 |  4- 6 |  7- 9 || total
---------------------------+-------+-------+-------++-------
  Melee: Hand axe          |   115 |   102 |    62 ||   279
         Punch             |     1 |       |       ||     1
  Throw: Dart              |       |     5 |       ||     5
         Javelin           |       |     1 |       ||     1
    Use: Potion            |       |       |     2 ||     2
   Stab: Sleeping          |    10 |     7 |       ||    17
 Armour: Leather armour    |    62 |    56 |    49 ||   167
         Skin              |       |       |     5 ||     5
  Dodge: Dodged            |    70 |    61 |    41 ||   172
